 Dungeon Crawl Stone Soup version 0.19-a0-1678-g8ce114c (webtiles) character file.

31 Promi the Magician (level 2, -1/22 HPs)
             Began as a Demigod Wizard on Sept 24, 2016.
             Slain by a quokka (3 damage)
             ... on level 1 of the Dungeon.
             The game lasted 00:04:01 (1060 turns).

Promi the Magician (Demigod Wizard)                 Turns: 1060, Time: 00:04:02

Health: -1/22      AC:  3    Str: 10    XL:     2   Next: 90%
Magic:  0/8        EV: 12    Int: 22    God:
Gold:   7          SH:  0    Dex: 14    Spells: 1 memorised, 6 levels left

rFire  . . .     SeeInvis .     f - +0 club
rCold  . . .     Gourm    .     a - +0 robe
rNeg   . . .     Faith    .     (no shield)
rPois  .         Spirit   .     j - +0 helmet
rElec  .         Dismiss  .     (no cloak)
rCorr  .         Reflect  .     (no gloves)
MR     .....     Harm     .     (no boots)
Stlth  ++........               (no amulet)
                                (no ring)
                                (no ring)

@: very slightly contaminated
A: high mp 1
a: no special abilities


You were on level 1 of the Dungeon.
You were not hungry.

You visited 1 branch of the dungeon, and saw 2 of its levels.

You collected 7 gold pieces.

Inventory:

Hand Weapons
 f - a +0 club (weapon)
Armour
 a - a +0 robe (worn)
 b - a +0 hat
 j - a +0 helmet (worn)
Jewellery
 h - a +6 ring of dexterity {unknown}
Potions
 e - 2 potions of brilliance {unknown}
 i - 2 potions of might {unknown}
Books
 c - a book of Minor Magic

   Spells                             Type                      Level
   a - Magic Dart                     Conjuration                  1
   b - Blink                          Translocation                2
   c - Call Imp                       Summoning                    2
   d - Repel Missiles                 Charms/Air                   2
   e - Slow                           Hexes                        2
   f - Conjure Flame                  Conjuration/Fire             3
   g - Mephitic Cloud                 Conjuration/Poison/Air       3
Comestibles
 d - a bread ration
 g - 4 fruits
 k - a chunk of flesh


   Skills:
 + Level 0.5 Fighting
 + Level 2.1 Dodging
 + Level 1.9 Stealth
 + Level 3.1 Spellcasting
 + Level 1.2 Conjurations
   Level 0.8 Summonings
   Level 0.8 Translocations


You had 6 spell levels left.
You knew the following spells:

 Your Spells              Type           Power        Failure   Level  Hunger
a - Magic Dart            Conj           #...         10%         1    None


Dungeon Overview and Level Annotations

Branches:
Dungeon (2/15)


Innate Abilities, Weirdness & Mutations

You have an increased reservoir of magic. (+10% MP)


Message History

You kill the jackal!
The jackal misses you. The jackal barely misses you. The quokka bites you.
You hit the jackal.
The jackal is lightly wounded.
The jackal bites you.
* * * LOW HITPOINT WARNING * * *
The quokka bites you.
* * * LOW HITPOINT WARNING * * *
The jackal bites you but does no damage.
Casting: Magic Dart
Confirm with . or Enter, or press ? or * to list all spells.
Aiming: Magic Dart
Press: ? - help, Shift-Dir - straight line, f - jackal
Aim: a jackal (lightly wounded)
The magic dart hits the jackal.
The jackal is lightly wounded.
The quokka bites you.
* * * LOW HITPOINT WARNING * * *
The jackal closely misses you. The quokka bites you.
You die...

###(# #..# ####..##.....
########...#####..## ##.........
.........###.......# #.....#...#
.........# #.#####.# #..........
.........###.#####.####.......#..
...........(.................#...
.........###(#####.####..........
...).....##..#####.####....(.....
############.(.h@r...............
#######.#####.........
#.........#......#..
#.........###....###
#................#
#.........###....# ###########
######


You could see a quokka and a jackal.

Vanquished Creatures
  2 oozes (D:1)
  2 giant cockroaches (D:1)
  2 jackals
  2 kobolds (D:1)
  A ball python (D:1)
  5 bats (D:1)
  2 frilled lizards (D:1)
  6 goblins (D:1)
  A rat (D:1)
23 creatures vanquished.

Notes
Turn   | Place    | Note
-------+----------+-------------------------------------------
     0 | D:1      | Promi the Demigod Wizard began the quest for the Orb.
     0 | D:1      | Reached XP level 1. HP: 14/14 MP: 6/6
   136 | D:1      | Reached skill level 3 in Spellcasting
   136 | D:1      | Reached skill level 1 in Conjurations
   396 | D:1      | Reached XP level 2. HP: 20/20 MP: 3/8
  1060 | D:1      | Slain by a quokka

Vault maps used:
D:1:      minmay_arrival_five_plusses
D:2:      wad_woods_stonehenge, ecumenical_altar_1, serial_forest,
          infiniplex_forest_lined_2, infiniplex_forest_lined_room_3,
          infiniplex_forest_lined_corner, infiniplex_forest_straight_3,
          infiniplex_forest_clump_curved

Skill      XL: |  1  2 |
---------------+-------+-----
Spellcasting   | 3 |  3.1
Conjurations   | 1 |  1.2
Dodging        | 2 |  2.1
Fighting       | |  0.5
Stealth        | |  1.9
Summonings     | |  0.8
Translocations | |  0.8

Action                   || total
-------------------------++-------
Melee: Unarmed           ||    26
       Club              ||    10
 Cast: Magic Dart        ||    54
 Stab: Sleeping          ||     2
Armor: Robe              ||    20
Dodge: Dodged            ||    68
